Get step-by-step instructions on how to execute this build order below. Start the game timer, and the build order will tick by so you can play in parallel with StarCraft on a second screen or mobile device.

Game Time

  0:00

Last Step

  N/A

Next Step

  12  0:00  Probe  

Upcoming Step

  13  0:12  Probe  

Don't want to look back and forth between 2 screens? Try out our Overwolf App, the Spawning Tool Build Advisor to get an in-game overlay with this build!

Complete Build Order

  12  0:00  Probe  
  13  0:12  Probe  
  14  0:16  Pylon  
  14  0:23  Probe  
  15  0:31  Probe  
  15  0:36  Gateway  
  15  0:39  Probe  
  16  0:45  Assimilator  
  17  0:51  Probe  
  18  1:03  Probe  
  19  1:15  Probe  
  20  1:22  Cybernetics Core  
  20  1:31  Nexus  
  20  1:34  Probe  
  21  1:42  Pylon  
  21  1:46  Probe  
  22  1:48  Assimilator  
  22  1:51  Adept  
  22  1:58  Probe  
  25  2:04  Warp Gate  
  24  2:10  Probe  
  24  2:11  Adept  
  28  2:22  Probe  
  28  2:34  Probe  
  28  2:35  Twilight Council  
  28  2:38  Stalker  
  28  2:43  Probe  
  31  2:46  Blink  
  31  2:47  Probe  
  32  2:53  Gateway  
  32  2:55  Probe  
  33  2:59  Probe  
  34  3:07  Probe  
  34  3:11  Probe  
  34  3:12  Shield Battery  
  35  3:23  Probe  
  36  3:27  Robotics Facility  
  36  3:30  Pylon  
  36  3:32  Probe  
  36  3:35  Probe  
  37  3:44  Probe  
  37  3:47  Probe  
  36  3:54  Stalker x2  
  39  3:56  Probe  
  39  3:59  Probe  
  41  4:05  Warp Prism  
  41  4:08  Gateway, Probe  
  42  4:11  Probe  
  45  4:20  Probe  
  45  4:22  Pylon  
  45  4:23  Probe  
  47  4:25  Stalker  
  47  4:31  Stalker  
  51  4:33  Probe  
  51  4:36  Pylon  
  52  4:40  Probe  
  52  4:45  Probe  
  50  4:50  Stalker  
  52  4:53  Probe  
  52  4:57  Probe  
  54  5:06  Probe  
  55  5:08  Assimilator x2  
  55  5:10  Probe  
  55  5:12  Stalker  
  55  5:13  Stalker  
  60  5:17  Robotics Bay  
  60  5:18  Probe  
  60  5:19  Pylon  
  61  5:22  Probe  
  62  5:36  Nexus  
  62  5:37  Probe x2  
  64  5:45  Pylon  
  64  5:49  Colossus, Probe x2  
  66  5:58  Sentry  
  66  5:59  Charge  
  66  6:01  Probe x2  
  76  6:13  Probe  
  76  6:15  Stalker  
  76  6:16  Probe  
  76  6:25  Probe  
  74  6:28  Probe  
  74  6:30  Extended Thermal Lance  
  75  6:33  Colossus  
  75  6:37  Probe  
  76  6:40  Probe  
  76  6:42  Gateway  
  76  6:44  Pylon  
  77  6:49  Gateway  
  77  6:51  Probe  
  84  6:54  Probe  
  84  6:55  Probe  
  84  6:58  Sentry  
  88  7:06  Gateway  
  88  7:07  Shield Battery  
  87  7:08  Probe  
  87  7:13  Probe  
  89  7:21  Gateway x2, Probe  
  89  7:22  Probe  
  91  7:23  Sentry  
  91  7:25  Probe  
  92  7:34  Stalker x2  
  92  7:35  Colossus  
  96  7:46  Pylon  
  96  7:52  Shield Battery, Pylon  
  96  7:54  Probe  
  96  7:55  Forge  
  101  8:04  Probe x2  
  103  8:06  Zealot x3  
  103  8:08  Pylon  
  103  8:10  Probe  
  103  8:11  Zealot x3  
  116  8:16  Probe  
  117  8:23  Disruptor  
  115  8:32  Protoss Ground Weapons Level 1  
  113  8:39  Stalker  
  113  8:40  Stalker x4  
  125  8:56  Photon Cannon  
  125  9:03  Pylon  
  125  9:05  Disruptor  
  125  9:10  Nexus  
  125  9:11  Pylon  
  125  9:13  Pylon  
  117  9:19  Stalker x4  
  117  9:22  Probe  
  117  9:23  Robotics Facility, Probe x2  
  126  9:25  Stalker  
  126  9:26  Stalker x2  
  126  9:29  Assimilator x2  
  132  9:34  Probe, Zealot  
  135  9:40  Disruptor  
  139  9:47  Pylon x2  
  139  9:52  Zealot x5  
  149  9:57  Photon Cannon  
  149  9:58  Pylon  
  144  10:07  Zealot x3  
  140  10:21  Zealot x5  
  128  10:22  Disruptor x2  
  134  10:32  Zealot x2  
  134  10:33  Zealot  
  134  10:34  Probe  
  134  10:35  Probe x3  
  144  10:36  Protoss Ground Weapons Level 2  
  144  10:43  Nexus  
  142  10:53  Stalker x3  
  148  11:02  Dark Shrine  
  148  11:08  Sentry, Zealot x3  
  148  11:09  Disruptor  
  148  11:10  Disruptor  
  155  11:12  Probe x2  
  161  11:21  Stalker x4  
  161  11:43  Pylon  
  161  11:46  Stalker x2  
  164  11:51  Nexus  
  164  11:52  Pylon  
  164  11:55  Pylon  
  164  11:56  Pylon  
  164  12:06  Pylon  
  163  12:13  Disruptor x2  
  169  12:20  Nexus  
  152  12:31  Zealot x8  
  148  12:52  Disruptor  
  148  12:59  Zealot x5  
  148  13:02  Shadow Stride, Zealot x3  
  148  13:03  Disruptor  
  163  13:09  Probe  
  161  13:17  Templar Archives  
  161  13:19  Protoss Ground Armor Level 1  
  160  13:24  Zealot x2  
  160  13:25  Zealot x6  
  176  13:46  Nexus, Dark Templar x2  
  178  13:49  Zealot x3  
  178  13:50  Zealot  
  178  13:54  Zealot  
  180  14:09  Sentry  
  180  14:15  High Templar x4  
  188  14:20  Pylon, Archon x2  
  188  14:21  Pylon  
  184  14:31  Pylon  
  182  14:40  High Templar x4  
  182  14:44  Archon x2  
  190  14:50  Immortal x2  
  190  14:51  Pylon  
  186  15:02  High Templar  
  186  15:03  High Templar, Zealot x2  
  194  15:08  Archon  
  188  15:16  Nexus  
  186  15:22  Zealot  
  186  15:23  Zealot x3  
  194  15:33  Warp Prism  
  194  15:35  High Templar x2  
  198  15:41  Archon  
  192  15:49  Zealot x4  
  200  16:03  Pylon  
  196  16:14  Stalker x2  
  164  16:45  Stalker x8  
  146  17:06  Nexus  
  144  17:15  Zealot x8